 Dungeon Crawl Stone Soup version 0.31-a0-948-gf5be29c462 (webtiles) character file.

Game seed: 2196802023984685649

111 protoss039 the Digger (level 4, -1/33 HPs)
             Began as a Demonspawn Earth Elementalist on Oct 21, 2023.
             Slain by a gnoll
             ... wielding a +0 halberd
              (10 damage)
             ... on level 4 of the Dungeon.
             The game lasted 00:03:48 (2633 turns).

protoss039 the Digger (DsEE)                        Turns: 2633, Time: 00:03:49

Health: -1/33      AC:  8    Str:  8    XL:     4   Next: 62%
Magic:  8/8        EV:  1    Int: 19    God:
Gold:   190        SH:  7    Dex: 13    Spells: 2/8 levels left

rFire   . . .        c - +0 short sword (speed)
rCold   . . .        n - +0 kite shield
rNeg    . . .        d - +0 chain mail
rPois   .            (helmet restricted)
rElec   .            (no cloak)
rCorr   .            (no gloves)
SInv    .            (no boots)
Will    .....        (no amulet) Stlth
                     (no ring)
HPRegen 0.25/turn    (no ring)
MPRegen 0.11/turn

%: no passive effects
@: mighty
A: horns 1, foul stench 1
a: no special abilities


You were on level 4 of the Dungeon.
You visited 1 branch of the dungeon, and saw 4 of its levels.

You collected 190 gold pieces.

Inventory:

Hand Weapons
 c - a +0 short sword of speed (weapon)
Armour
 d - a +0 chain mail (worn)
 e - a +0 ring mail
 n - a +0 kite shield (worn)
Scrolls
 a - a scroll of revelation {unknown}
 f - a scroll of enchant armour {unknown}
 i - a scroll of fear {unknown}
 j - a scroll of identify
 k - a scroll of teleportation {unknown}
 l - a scroll of vulnerability {unknown}
 o - a scroll of noise {unknown}
Potions
 b - 2 potions of magic
 g - a potion of mutation
 h - a potion of lignification {unknown}
 m - a potion of might


   Skills:
 + Level 2.1 Fighting
 * Level 0.6 Armour
 - Level 1.7 Dodging
 - Level 1.7 Stealth
 * Level 1.0 Shields
 + Level 2.9 Spellcasting
 - Level 0.8 Transmutations
 + Level 3.3 Earth Magic


You had 2 spell levels left.
You knew the following spells:

 Your Spells              Type           Power      Damage    Failure   Level
a - Sandblast             Erth           30%        2d9       100%        1
b - Passwall              Tmut/Erth      8%         N/A       100%        2
c - Stone Arrow           Conj/Erth      18%        3d8       100%        3

Your spell library contained the following spells:

 Spells                   Type           Power      Damage    Failure   Level
 Inner Flame              Hex/Fire       2%         N/A       100%        3
 Brom's Barrelling Bould  Conj/Erth      9%         2d3       100%        4
 Petrify                  Tmut/Erth      10%        N/A       100%        4
 Yara's Violent Unravell  Hex/Tmut       2%         3d3       100%        5
 Enfeeble                 Hex            1%         N/A       100%        7


Dungeon Overview and Level Annotations

Branches:
Dungeon (4/15) Zot: 21414
 Temple: D:4-7

Altars:
Trog
Xom

Annotations:
D:3 1 exclusion


Innate Abilities, Weirdness & Mutations

You have a pair of small horns on your head.
You may rarely emit foul miasma when damaged in melee.


Message History

Things that are here:
a +0 flail; a +0 chain mail
d - a +0 chain mail You start removing your armour.
You continue taking off your +0 ring mail. x4
You finish taking off your +0 ring mail.
You start putting on your armour.
You continue putting on your +0 chain mail. x5
You finish putting on your +0 chain mail.
Unknown command.
A gnoll comes into view. It is wielding a +0 spear.
A gnoll is nearby!
A gnoll is nearby!
The gnoll shouts!
You hear a shout! x2
A gnoll is nearby!
A gnoll comes into view. It is wielding a +0 flail.
A gnoll comes into view. It is wielding a +0 halberd.
The gnoll hits you but does no damage.
The gnoll shouts!
The gnoll hits you with a +0 spear.
You closely miss the gnoll. You block the gnoll's attack.
You barely miss the gnoll. You block the gnoll's attack.
You hit the gnoll but do no damage. You headbutt the gnoll.
The gnoll is heavily wounded.
The gnoll hits you with a +0 spear.
You feel very mighty all of a sudden. The gnoll completely misses you.
The gnoll hits you but does no damage.
Unknown command.
The gnoll hits you with a +0 flail.
* * * LOW HITPOINT WARNING * * *
The gnoll hits you with a +0 spear.
* * * LOW HITPOINT WARNING * * *
The gnoll hits you but does no damage.
Unknown command.
You barely miss the gnoll. You headbutt the gnoll.
The gnoll is moderately wounded.
An iguana comes into view.
You block the gnoll's attack. The gnoll hits you but does no damage.
The gnoll hits you with a +0 halberd!
You die...

.....l.......#
.............#
.............#
.............#
.......?......#
..............#
........g.....#
.....).g@.....#
......g......#
###......<...#
##.........#
#.......###
####..)...##
...[..)))..#
..........##
..........#


You could see an iguana (wandering) and 3 gnolls.

Vanquished Creatures
  2 adders
  5 worms
  2 dart slugs
  5 orcs
  4 endoplasms
  3 giant cockroaches
  5 goblins
  6 hobgoblins
  6 jackals
  5 kobolds
  3 quokkas
  5 ball pythons
  3 bats
  4 frilled lizards
  7 rats
65 creatures vanquished.

Notes
Turn   | Place    | Note
-------+----------+-------------------------------------------
     0 | D:1      | protoss039 the Demonspawn Earth Elementalist began the
                  | quest for the Orb.
     0 | D:1      | Reached XP level 1. HP: 13/13 MP: 3/3
   271 | D:1      | Gained mutation: You have a pair of small horns on your
                  | head. [demonic ancestry]
   271 | D:1      | Reached XP level 2. HP: 20/20 MP: 5/5
   446 | D:1      | Reached skill level 1 in Fighting
   649 | D:1      | Reached skill level 3 in Earth Magic
   875 | D:2      | Found a shimmering altar of Xom.
   916 | D:2      | Reached XP level 3. HP: 26/26 MP: 6/6
  1380 | D:3      | Learned a level 2 spell: Passwall
  1384 | D:3      | Learned a level 3 spell: Stone Arrow
  1568 | D:3      | Gained mutation: You may rarely emit foul miasma when
                  | damaged in melee. [demonic ancestry]
  1568 | D:3      | Reached XP level 4. HP: 11/33 MP: 8/8
  2432 | D:3      | Noticed a moth of wrath
  2437 | D:3      | Found a bloodstained altar of Trog.
  2602 | D:4      | Reached skill level 1 in Shields
  2633 | D:4      | Slain by a gnoll

Illustrated notes

Levels and vault maps discovered:
D:1:      dpeg_arrival_shrine, layout_loops_ring
D:2:      layout_rooms, basic_altar, dreamdust_mushroom_princess
D:3:      layout_loops_ring, tgw_trog, minmay_pentomino_pile
D:4:      layout_cave_pods, kennysheep_little_box

Skill      XL: |  1  2  3  4 |
---------------+-------------+-----
Fighting       | 1 2 |  2.1
Earth Magic    | 3 |  3.3
Shields        | 1 |  1.0
Armour         | |  0.6
Dodging        | |  1.7
Stealth        | |  1.7
Spellcasting   | |  2.9
Transmutations | |  0.8

Action                     |  1- 3 |  4- 6 || total
---------------------------+-------+-------++-------
  Melee: Short sword       |   180 |   116 ||   296
         Headbutt          |    31 |    28 ||    59
   Cast: Sandblast         |     5 |     1 ||     6
    Use: Scroll            |     1 |     1 ||     2
         Potion            |     1 |     1 ||     2
   Stab: Sleeping          |     1 |       ||     1
 Armour: Ring mail         |    73 |    51 ||   124
         Robe              |     1 |       ||     1
         Chain mail        |       |     9 ||     9
  Dodge: Dodged            |    70 |    26 ||    96
  Block: Kite shield       |    16 |    33 ||    49

Table legend: (Time is in decaauts)
 A = Elapsed time spent in this place.
 B = Non-inter-level travel time spent in this place.
 C = Inter-level travel time spent in this place.
 D = Time resting spent in this place.
 E = Time spent auto-exploring this place.
 F = Levels seen in this place.
 G = Mean time per level.
                   A        B        C        D        E       F      G
               +--------+--------+--------+--------+--------+-----+--------+
         Total |   2584 |   2506 |     78 |      5 |   1923 |   4 |  646.0 |
       Dungeon |   2584 |   2506 |     78 |      5 |   1923 |   4 |  646.0 |
               +--------+--------+--------+--------+--------+-----+--------+

Top non-repeatable levels by time:
     D:3: 1212 daAuts
     D:1: 799 daAuts
     D:2: 530 daAuts
     D:4: 42 daAuts
